 Dungeon Crawl Stone Soup version 0.14-a0-1721-g84c87b2 (webtiles) character file.

346 Jenx the Grave Robber (level 5, -4/41 HPs)
             Began as a Demonspawn Abyssal Knight on Jan 2, 2014.
             Was a Believer of Lugonu.
             Killed from afar by a white imp (11 damage)
             ... with a puff of frost
             ... summoned by miro's ghost
             ... on Level 4 of the Dungeon.
             The game lasted 00:10:00 (3284 turns).

Jenx the Grave Robber (Demonspawn Abyssal Knight)   Turns: 3284, Time: 00:10:00

HP  -4/41        AC 10     Str 12      XL: 5   Next: 69%
MP   7/7         EV  5     Int 14      God: Lugonu [**....]
Gold 120         SH  0     Dex 13      Spells:  2 memorised,  2 levels left

rFire  . . .     SeeInvis +     a - +2 spear (venom)
rCold  . . .     Clarity  .     D - +0 chain mail
rNeg   . . .     Conserve .     (no shield)
rPois  .         rCorr    .     (no helmet)
rElec  .         rRot     .     x - +0 cloak
SustAb . .       Spirit   .     (no gloves)
rMut   .         Warding  .     y - +0 pair of boots
Saprov + . .     Stasis   .     (no amulet)
                                (no ring)
                                F - ring of see invisible

@: flying, slightly resistant to hostile enchantments, extremely unstealthy
A: saprovore 1
a: Depart the Abyss, Bend Space, Renounce Religion


You were on level 4 of the Dungeon.
You worshipped Lugonu.
Lugonu was pleased with you.
You were not hungry.

You visited 1 branch of the dungeon, and saw 4 of its levels.
You visited the Abyss 1 time.

You collected 120 gold pieces.

Inventory:

Hand weapons
 a - a +2,+2 spear of venom (weapon)
 b - a cursed -2,-2 cutlass
 v - a +2,+2 falchion
 w - a +2,+4 quarterstaff of chaos
Missiles
 n - 4 tomahawks
 s - 8 javelins (quivered)
 E - 3 poisoned darts
Armour
 x - a +0 cloak (worn)
 y - a +0 pair of boots (worn)
 D - a +0 chain mail (worn)
Comestibles
 c - 3 bread rations
 f - a meat ration
 B - 3 pears
 H - a chunk of adder flesh
Scrolls
 d - a scroll of teleportation
 h - a scroll of enchant armour {unknown}
 i - a scroll of immolation
 j - a scroll of magic mapping {unknown}
 l - a scroll of random uselessness {unknown}
 m - a scroll of remove curse {unknown}
 o - a scroll of noise {unknown}
 C - a scroll of curse armour {unknown}
Jewellery
 F - a ring of see invisible (left hand)
Potions
 g - 3 potions of might {unknown}
 p - a potion of restore abilities {unknown}
 q - 4 potions of brilliance
 r - a potion of invisibility {unknown}
 t - a potion of heal wounds {unknown}
 z - a potion of degeneration {unknown}
 A - a potion of speed {unknown}
 G - a potion of flight
Books
 k - a book of Necromancy

   Spells                             Type                      Level
   *Pain                              Necromancy                   1
   Animate Skeleton                   Necromancy                   1
   Lethal Infusion                    Charms/Necromancy            2
   Vampiric Draining                  Necromancy                   3
   *Regeneration                      Charms/Necromancy            3
   Animate Dead                       Necromancy                   4
   Control Undead                     Necromancy                   4


   Skills:
 - Level 3.0 Fighting
 - Level 3.2 Long Blades
 + Level 1.4 Polearms
 - Level 1.7 Armour
 - Level 0.8 Dodging
 - Level 1.1 Spellcasting
 - Level 4.2 Necromancy
 - Level 2.4 Invocations


You had 2 spell levels left.
You knew the following spells:

 Your Spells              Type           Power        Failure   Level  Hunger
a - Pain                  Necr           ##..         100%        1    ##.....
b - Regeneration          Chrm/Necr      #.........   100%        3    ####...


Dungeon Overview and Level Annotations

Branches:
Dungeon (4/16)
 Temple: D:4-7

Altars:

Annotations:
D:4 miro's ghost, average HEWz


Innate Abilities, Weirdness & Mutations

You can tolerate rotten meat.


Message History

Miro's ghost casts a spell at you. The magic dart hits you!
* * * LOW HITPOINT WARNING * * *
The white imp hits you but does no damage.
Miro's ghost hits you but does no damage.
Drink which item? (? for menu, Esc to quit)
You feel very buoyant.
You fly up into the air.
It was a potion of flight.
The white imp hits you but does no damage.
Miro's ghost hits you but does no damage.
You hit miro's ghost.
Miro's ghost is heavily damaged.
The white imp hits you but does no damage.
Miro's ghost hits you but does no damage.
You hit miro's ghost.
Miro's ghost is heavily damaged.
The white imp gestures at you. The puff of frost hits you!
One of your 5 potions of brilliance freezes and shatters!
You die...

... ......# ..##..#
#..... ##############
#.##.######....)........
#.##..#...#.#..p#...#
#.............@5....#
###.#.......#.#...#...#
...)............###.###
..###%..............#
..####......#......#####
..............#!§#.....#
..............#..#.....#
<.........§......%.....#
........#p..#.#..#.....#


You could see miro's ghost and a white imp.

Vanquished Creatures
  Sigmund (D:3)
  Crazy Yiuf (D:2)
  Jessica (D:2)
  A hound skeleton (D:4)
  5 adders
  A worm (D:2)
  An ooze (D:2)
  An orc (D:4)
  A giant cockroach (D:4)
  7 hobgoblins
  2 jackals (D:2)
  5 kobolds
  A quokka (D:3)
  6 bats
  4 giant newts
  5 goblins
  A goblin skeleton (D:4)
  5 rats
49 creatures vanquished.

Notes
Turn   | Place    | Note
--------------------------------------------------------------
     0 | Abyss:1  | Jenx, the Demonspawn Abyssal Knight, began the quest for the Orb.
     0 | Abyss:1  | Reached XP level 1. HP: 18/18 MP: 1/1
    11 | D:1      | Escaped the Abyss
   207 | D:1      | Gained mutation: You can tolerate rotten meat. [demonic ancestry]
   207 | D:1      | Reached XP level 2. HP: 24/24 MP: 2/2
   748 | D:2      | Noticed Jessica
   757 | D:2      | Killed Jessica
   757 | D:2      | Reached XP level 3. HP: 14/29 MP: 4/4
   772 | D:2      | Acquired Lugonu's second power
   998 | D:2      | Learned a level 1 spell: Pain
  1573 | D:2      | Reached skill level 1 in Spellcasting
  1645 | D:2      | Noticed Crazy Yiuf
  1657 | D:2      | Killed Crazy Yiuf
  1657 | D:2      | Reached XP level 4. HP: 27/35 MP: 6/6
  2131 | D:3      | Noticed Sigmund
  2159 | D:3      | HP: 1/35 [something (10)]
  2525 | D:3      | Learned a level 3 spell: Regeneration
  2826 | D:3      | Killed Sigmund
  2826 | D:3      | Reached skill level 4 in Necromancy
  2826 | D:3      | Reached XP level 5. HP: 10/41 MP: 7/7
  3208 | D:4      | Reached skill level 1 in Polearms
  3254 | D:4      | Noticed miro's ghost (average HEWz)
  3284 | D:4      | Killed from afar by a white imp

Action                   |  1- 3 |  4- 6 || total
-------------------------+-------+-------++-------
Melee: Falchion          |    80 |    36 ||   116
       Spear             |       |    53 ||    53
Throw: Tomahawk          |     3 |       ||     3
       Javelin           |    13 |     6 ||    19
       Dart              |       |     5 ||     5
  Use: Scroll            |     1 |     5 ||     6
       Potion            |     1 |     5 ||     6
